 Dungeon Crawl Stone Soup version 0.27.1 (webtiles) character file.

Game seed: 14406335113885549580

30 nxtlvl the Chopper (level 3, 0/31 HPs)
             Began as a Draconian Berserker on Aug 24, 2021.
             Was a Follower of Trog.
             Slain by a kobold (5 damage)
             ... on level 3 of the Dungeon.
             The game lasted 00:01:49 (299 turns).

nxtlvl the Chopper (Draconian Berserker)             Turns: 299, Time: 00:01:49

Health: 0/31       AC:  5    Str: 19    XL:     3   Next: 3%
Magic:  3/3        EV: 12    Int:  7    God:    Trog [*.....]
Gold:   31         SH:  0    Dex: 11    Spells: 2/2 levels left

rFire    . . .     SeeInvis .   a - +0 hand axe
rCold    . . .     Faith    .   (no shield)
rNeg     . . .     Spirit   .   (armour unavailable)
rPois    .         Reflect  .   (helmet restricted)
rElec    .         Harm     .   (no cloak)
rCorr    .         Rampage  .   (no gloves)
Will     .....                  (no boots)
Stlth    +.........             (no amulet)
HPRegen  0.10/turn              (no ring)
MPRegen  0.08/turn              (no ring)

@: no status effects
A: AC +5, unfitting armour, cold-blooded
a: Renounce Religion, Berserk


You were on level 3 of the Dungeon.
You worshipped Trog.
Trog was aware of your devotion.
You visited 1 branch of the dungeon, and saw 3 of its levels.

You collected 31 gold pieces.

Inventory:

Hand Weapons
 a - a +0 hand axe (weapon)
Potions
 b - 2 potions of cancellation {unknown}
 c - a potion of curing {unknown}
 d - a potion of lignification {unknown}


   Skills:
 - Level 3.2 Fighting
 * Level 4.2 Axes
 - Level 2.6 Dodging


You had 2 spell levels left.
You didn't know any spells.
Your spell library was empty.

Dungeon Overview and Level Annotations

Branches:
Dungeon (3/15)

Altars:

Annotations:
D:2 Terence


Innate Abilities, Weirdness & Mutations

Your plain brown scales are hard. (AC +5)
You cannot fit into any form of body armour.
You are cold-blooded and may be slowed by cold attacks.


Message History

You hit the quokka.
You kill the quokka!
Trog accepts your kill.
d - an orange potion
Found 14 gold pieces.
You now have 31 gold pieces (gained 14).
Terence the Incautious comes into view.
He is wielding a +0 short sword.
Terence shouts!
You feel yourself speed up.
Terence says, "Don't bother to defend, it's senseless."
There is a stone staircase leading down here.
You climb downwards.
There is a stone staircase leading up here.
An orc comes into view. It is wielding a +0 hand axe.
The orc shouts!
An orc comes into view. It is wielding a +0 whip.
An adder comes into view.
There are monsters nearby!
You recover from your berserk rage.
You hit the orc but do no damage. The orc barely misses you.
You closely miss the orc. The orc hits you with a +0 hand axe.
* * * LOW HITPOINT WARNING * * *
You slash the orc!
The orc is almost dead.
The orc hits you with a +0 hand axe.
* * * LOW HITPOINT WARNING * * *
You hit the orc.
You kill the orc!
Trog accepts your kill.
You have reached level 3!
Your experience leads to an increase in your attributes!
Increase (S)trength, (I)ntelligence, or (D)exterity?
You feel agile.
Your scales feel tougher.
An orc comes into view. It is wielding a +0 hand axe.
A kobold comes into view. It is wielding a +0 short sword.
The orc shouts!
The kobold shouts!
You hear a shout! x2
You hear an angry hiss.
You closely miss the kobold.
The kobold hits you with a +0 short sword.
You die...

.#.#...#........#
#.#.#....#.#####.#
# #.#.)..<.......#
#.#.#.##..######
#o#.#.....#
#.#.#####.#
#.#.......#
#K######### #@#
#.# #.# ..# ###


You could see an orc and a kobold.

Vanquished Creatures
  An adder (D:2)
  A dart slug (D:1)
  An orc (D:3)
  An endoplasm (D:2)
  4 hobgoblins
  3 quokkas
  A ball python (D:1)
  A frilled lizard (D:2)
  2 goblins (D:1)
  A rat (D:1)
16 creatures vanquished.

Notes
Turn   | Place    | Note
-------+----------+-------------------------------------------
     0 | D:1      | nxtlvl the Draconian Berserker began the quest for the Orb.
     0 | D:1      | Reached XP level 1. HP: 19/19 MP: 1/1
   137 | D:1      | Reached XP level 2. HP: 19/26 MP: 2/2
   230 | D:2      | Reached skill level 4 in Axes
   239 | D:2      | HP: 1/26 [quokka (1)]
   259 | D:2      | Noticed Terence
   286 | D:3      | Reached XP level 3. HP: 4/31 MP: 3/3
   299 | D:3      | Slain by a kobold

Illustrated notes

Levels and vault maps discovered:
D:1:      dpeg_arrival_triangle_fractal, layout_basic,
          hellmonk_ecumenical_altar_leap_of_faith
D:2:      layout_loops_ring, minmay_fractal_squares_gapless_5, uniq_robin,
          uniq_natasha, uniq_terence, uniq_sigmund
D:3:      cheibrodos_old_hovel, layout_basic, columned_hall_lemuel,
          minmay_statues_item

Skill      XL: |  1  2 |
---------------+-------+-----
Axes           | 4 |  4.2
Fighting       | |  3.2
Dodging        | |  2.6

Action                   || total
-------------------------++-------
Melee: Hand axe          ||    52
       Tailslap          ||     5
Invok: Berserk           ||     1
Armor: Skin              ||    10
Dodge: Dodged            ||    24
